 Dungeon Crawl Stone Soup version 0.21-a0-442-g848f44b (webtiles) character file.

49429 Kikal the Grappler (level 14, -5/109 HPs)
             Began as a Mummy Monk on Nov 12, 2017.
             Was a High Priest of Okawaru.
             Slain by an orc knight
             ... wielding a +0 dire flail
              (35 damage)
             ... on level 2 of the Orcish Mines.
             The game lasted 02:27:42 (31499 turns).

Kikal the Grappler (Mummy Monk)                    Turns: 31499, Time: 02:27:43

Health: -5/109     AC: 15    Str: 18    XL:     14   Next: 16%
Magic:  14/20      EV: 21    Int: 14    God:    Okawaru [*****.]
Gold:   1312       SH:  6    Dex: 14    Spells: 8/13 levels left

rFire    + + .     SeeInvis .     - Unarmed
rCold    + + .     Gourm    .   M - +0 buckler of the Little Devil {Stlth+}
rNeg     + + +     Faith    .   e - +5 troll leather armour "Zestre" {rElec rF+ MR++ Regen+}
rPois    ∞         Spirit   .   w - +0 helmet {Int+3}
rElec    +         Reflect  .   p - scarf {rC+ rF+}
rCorr    .         Harm     .   h - +0 pair of gloves
MR       +++..                  z - +0 pair of boots
Stlth    ++++......             (no amulet)
HPRegen  0.68/turn              m - +2 ring of evasion
MPRegen  0.17/turn              t - ring of protection from fire

@: heroism, finesse
A: no food or potions, fire vulnerability, cold resistance 1, negative energy
resistance 3, torment resistance, unbreathing, in touch with death 1
a: Heroism, Finesse, Renounce Religion


You were on level 2 of the Orcish Mines.
You worshipped Okawaru.
Okawaru was extremely pleased with you.
You were not hungry.

You visited 4 branches of the dungeon, and saw 20 of its levels.
You also visited: Labyrinth.

You collected 2006 gold pieces.
You spent 694 gold pieces at shops.

Inventory:

Hand Weapons
 a - a +0 blowgun
Missiles
 c - 3 throwing nets
 r - 8 steel javelins
 s - 8 poisoned javelins
 B - 2 javelins of penetration
 E - 29 tomahawks
 H - 21 poisoned needles
 J - 4 poisoned tomahawks (quivered)
 K - 7 needles of confusion
Armour
 e - the +5 troll leather armour "Zestre" (worn) {rElec rF+ MR++ Regen+}
   (You bought it in a shop on level 4 of the Dungeon)

   It protects you from fire.
   It insulates you from electricity.
   It affects your resistance to hostile enchantments.
   It increases your rate of regeneration.
 h - a +0 pair of gloves (worn)
 p - a scarf of resistance (worn)
 w - a +0 helmet of intelligence (worn)
 z - a +0 pair of boots (worn)
 M - the +0 buckler of the Little Devil (worn) {Stlth+}
   (Okawaru gifted it to you on level 1 of the Lair of Beasts)

   It makes you more stealthy.
Jewellery
 j - an uncursed ring of fire
 m - a +2 ring of evasion (left hand)
 t - a ring of protection from fire (right hand)
 A - an uncursed ring of stealth
 I - an uncursed ring of protection from cold
 O - an uncursed ring of see invisible
 V - an uncursed ring of resist corrosion
Wands
 d - a wand of iceblast (1/15)
 y - a wand of lightning (8/15)
 P - a wand of digging (10/24)
Scrolls
 f - 2 scrolls of recharging
 i - 7 scrolls of remove curse
 k - 4 scrolls of enchant weapon
 l - 3 scrolls of immolation
 n - a scroll of summoning {unknown}
 o - 4 scrolls of amnesia
 q - 2 scrolls of noise {unknown}
 u - 4 scrolls of fog
 v - 4 scrolls of teleportation
 x - a scroll of enchant armour
 C - 3 scrolls of vulnerability
 D - 3 scrolls of magic mapping
 F - 2 scrolls of blinking
 G - 3 scrolls of identify
Miscellaneous
 X - a phial of floods


   Skills:
 + Level 9.6(14.6) Fighting
 - Level 7.3(12.3) Throwing
 + Level 5.9(10.9) Armour
 - Level 6.0(11.0) Dodging
 - Level 1.5(6.5) Stealth
 - Level 4.0(9.0) Shields
 + Level 13.8(18.8) Unarmed Combat
 - Level 8.2 Invocations


You had 8 spell levels left.
You knew the following spells:

 Your Spells              Type           Power        Failure   Level  Hunger
a - Apportation           Tloc           #.....       32%         1    N/A
b - Summon Butterflies    Summ           #.......     32%         1    N/A
c - Lesser Beckoning      Tloc           #.........   69%         3    N/A

Dungeon Overview and Level Annotations

Branches:
Dungeon (11/15)            Temple (1/1) D:4            Lair (6/6) D:11
  Swamp (0/4) Lair:3       Spider (0/4) Lair:3        Slime (0/5) Lair:5
    Orc (2/2) D:11            Elf (0/3) Orc:2

Altars:
Ashenzari
Cheibriados
Elyvilon
Fedhas
Makhleb
Okawaru
Qazlal
Ru
Uskayaw
Yredelemnul
The Shining One
Beogh

Shops:
D:4 *([   D:5 [   Orc:2 (

Annotations:
D:4 exclusion: phantom
D:8 exclusion: 2 doors
Lair:3 exclusion: 2 oklob plants
Lair:4 Snorg
Lair:6 dire elephants


Innate Abilities, Weirdness & Mutations

You do not eat or drink.
Your flesh is vulnerable to fire.
You are immune to poison.
Your flesh is cold resistant. (rC+)
You are immune to negative energy. (rN+++)
You are immune to unholy pain and torment.
You can survive without breathing.
You are in touch with the powers of death.


Message History

The orc priest barely misses you.
You hit the orc knight but do no damage.
The orc knight is heavily wounded.
You closely miss the orc knight.
The orc knight is heavily wounded.
The orc warrior barely misses you. The orc knight completely misses you.
The orc warrior hits you with a trident!!
* * * LOW HITPOINT WARNING * * *
The orc knight roars a battlecry!
You take 28 damage, and have 29/109 hp.
MASSIVE DAMAGE!!
You barely miss the orc knight.
The orc knight is heavily wounded.
You punch the orc knight!
The orc knight is heavily wounded.
The orc priest calls upon Beogh to heal the orc knight.
The orc knight is healed somewhat.
You pummel the orc knight!!
The orc knight is almost dead.
The orc knight hits you with an uncursed dire flail!!
You die...

#......)......# #####...
#....#...#....# ###.
##..[........## ####..
#.[.#...#...# ##.#...
##....o....## #...#..
#..#...#..# ##.##.. ##.......##
#.#....
#######.oo##########....).
#........@o(..).##).....).
##.......)o.)..).##.#...)..
##............).)).().#.)...
#................(.#.##)[...
##..................###)#...
#*##..................#).)...
##.#.#..................).....
#.......##..........#.......#.
##..#.........................#


You could see 2 orc knights, 2 orc warriors and an orc priest.

Vanquished Creatures
  Kirke (Lair:6)
  A minotaur (Lab)
  3 hydras
  An anaconda (Lair:6)
  2 two-headed ogres
  8 death yaks
  2 orc high priests
  An unseen horror (D:9)
  4 orc knights
  An ugly thing (D:10)
  A cyclops (D:11)
  2 orc sorcerers
  10 elephants
  2 black mambas
  A torpor snail (Lair:6)
  12 spiny frogs
  11 komodo dragons
  7 trolls
  4 blink frogs
  6 dream sheep
  4 hippogriffs
  A wraith (D:11)
  24 yaks
  A basilisk (Lair:1)
  2 wyverns
  A hungry ghost (D:10)
  5 swamp worms
  A warg (Orc:1)
  16 water moccasins
  A soldier ant (D:10)
  4 porcupines
  20 orc warriors
  A black bear (D:7)
  4 ice beasts
  2 sky beasts (D:8)
  14 ogres
  2 eyes of draining
  19 wolves
  A centaur (D:7)
  12 crocodiles
  2 big kobolds (D:8)
  11 bullfrogs
  A wyvern zombie (D:6)
  4 scorpions
  9 killer bees
  9 wights
  2 howler monkeys
  4 lava snakes (Lab)
  4 crimson imps
  3 bullfrog zombies
  A centaur zombie (D:7)
  A quasit (D:8)
  9 hounds
  18 orc wizards
  Crazy Yiuf (D:2)
  A bullfrog skeleton (D:11)
  7 jellies
  25 orc priests
  3 centaur skeletons
  5 iguanas
  Ijyb (D:3)
  Natasha (thrice) (D:2)
  8 worker ants
  2 hound zombies
  A howler monkey skeleton (D:5)
  7 gnolls
  16 adders
  A shadow imp (D:11)
  7 oozes
  3 adder skeletons
  16 worms
  2 dart slugs
  6 leopard geckos
  78 orcs
  3 bats
  8 giant cockroaches
  13 goblins
  5 hobgoblins
  14 jackals
  10 kobolds
  5 quokkas
  3 ball pythons
  8 frilled lizards
  A quokka skeleton (D:4)
  A quokka zombie (D:9)
  9 rats
  A fungus (D:2)
  5 plants
572 creatures vanquished.

Vanquished Creatures (others)
  5 humans (Lair:6)
  5 fungi
  13 plants
23 creatures vanquished.

Grand Total: 595 creatures vanquished

Notes
Turn   | Place    | Note
-------+----------+-------------------------------------------
     0 | D:1      | Kikal the Mummy Monk began the quest for the Orb.
     0 | D:1      | Reached XP level 1. HP: 18/18 MP: 1/1
   290 | D:1      | Reached XP level 2. HP: 24/24 MP: 2/2
   331 | D:1      | Reached skill level 3 in Unarmed Combat
  1262 | D:1      | Reached XP level 3. HP: 17/29 MP: 3/3
  1642 | D:2      | Noticed Natasha
  2331 | D:2      | Reached skill level 4 in Unarmed Combat
  2488 | D:2      | Killed Natasha
  2488 | D:2      | Reached XP level 4. HP: 3/35 MP: 4/4
  3107 | D:2      | Noticed Natasha
  3122 | D:2      | Killed Natasha
  3239 | D:2      | Reached XP level 5. HP: 24/41 MP: 5/5
  3469 | D:2      | Noticed Natasha
  3489 | D:2      | Killed Natasha
  3605 | D:2      | Found a runed door.
  4235 | D:3      | Reached skill level 5 in Unarmed Combat
  4468 | D:3      | Noticed Ijyb
  4495 | D:3      | Killed Ijyb
  4630 | D:3      | Reached XP level 6. HP: 48/48 MP: 6/6
  4846 | D:4      | Found a staircase to the Ecumenical Temple.
  5451 | Temple   | Entered the Ecumenical Temple
  5543 | Temple   | Became a worshipper of Warmaster Okawaru
  5543 | Temple   | Reached * piety under Okawaru
  5543 | Temple   | Reached ** piety under Okawaru
  5764 | D:4      | Found Seraugunk's Armour Emporium.
  5805 | D:4      | Found Dexeulolai's Weapon Boutique.
  5871 | D:4      | Reached XP level 7. HP: 53/55 MP: 7/7
  5916 | D:4      | Found Leiptommo's Assorted Antiques.
  6072 | D:4      | Reached skill level 6 in Unarmed Combat
  6072 | D:4      | Reached skill level 1 in Invocations
  6389 | D:4      | Reached skill level 5 in Fighting
  6768 | D:5      | Entered Level 5 of the Dungeon
  6859 | D:4      | Reached skill level 1 in Armour
  7378 | D:5      | Found Xeaxtiy's Armour Shoppe.
  7643 | D:5      | Reached XP level 8. HP: 36/62 MP: 10/10
  8008 | D:5      | Reached *** piety under Okawaru
  8415 | D:2      | Noticed Crazy Yiuf
  8420 | D:2      | Killed Crazy Yiuf
  9181 | D:6      | Found a burning altar of Makhleb.
  9547 | D:6      | Reached skill level 7 in Unarmed Combat
 10418 | D:7      | Noticed a hippogriff
 10421 | D:7      | Reached XP level 9. HP: 62/69 MP: 12/12
 10431 | D:7      | Reached **** piety under Okawaru
 11232 | D:7      | Reached skill level 8 in Unarmed Combat
 12768 | D:8      | Reached ***** piety under Okawaru
 12784 | D:8      | Reached skill level 5 in Invocations
 12784 | D:8      | Reached XP level 10. HP: 53/79 MP: 13/13
 12800 | D:8      | Reached skill level 9 in Unarmed Combat
 13092 | D:8      | Noticed a three-headed hydra
 13138 | D:9      | Found an iron altar of Okawaru.
 13435 | D:9      | Learned a level 1 spell: Apportation
 13437 | D:9      | Learned a level 1 spell: Summon Butterflies
 13441 | D:9      | Learned a level 3 spell: Lesser Beckoning
 14097 | D:9      | Reached skill level 1 in Throwing
 14411 | D:9      | HP: 2/79 [something (5)]
 14796 | D:10     | Entered Level 10 of the Dungeon
 14817 | D:10     | Received a gift from Okawaru
 14871 | D:10     | Noticed a two-headed ogre
 14930 | D:10     | Found a white marble altar of Elyvilon.
 15387 | D:10     | Killed a two-headed ogre
 15387 | D:10     | Reached skill level 10 in Unarmed Combat
 15554 | D:11     | Noticed a two-headed ogre
 15621 | D:11     | Found a staircase to the Orcish Mines.
 15621 | D:11     | Noticed a white ugly thing
 16161 | D:10     | Killed a white ugly thing
 16161 | D:10     | Reached XP level 11. HP: 84/84 MP: 5/15
 16442 | D:4      | Bought the +5 troll leather armour "Zestre" {rElec rF+ MR++ Regen+} for 694 gold pieces
 16914 | D:11     | Found a stormy altar of Qazlal.
 17073 | D:11     | Received a gift from Okawaru
 17200 | D:11     | Killed a two-headed ogre
 17317 | D:11     | Found a staircase to the Lair.
 17553 | Lair:1   | Entered Level 1 of the Lair of Beasts
 17563 | Lair:1   | Reached skill level 5 in Armour
 17717 | Lair:1   | Reached skill level 11 in Unarmed Combat
 19082 | Lair:1   | Received a gift from Okawaru
 19164 | Lair:1   | Got a warped buckler {god gift}
 19170 | Lair:1   | Identified the +0 buckler of the Little Devil {Stlth+} (Okawaru gifted it to you on level 1 of the Lair of Beasts)
 19288 | Lair:2   | Reached skill level 1 in Shields
 20279 | D:9      | Noticed an unseen horror
 20296 | D:9      | Killed an unseen horror
 20433 | Lair:2   | Found a sacrificial altar of Ru.
 21165 | Lair:3   | Found a staircase to the Swamp.
 21181 | Lair:3   | Reached XP level 12. HP: 35/91 MP: 17/17
 21304 | Lair:3   | Found a hide-covered altar of Uskayaw.
 21491 | Lair:3   | Found a hole to the Spider Nest.
 21999 | Lair:3   | Noticed an eight-headed hydra
 22012 | Lair:3   | Killed an eight-headed hydra
 22012 | Lair:3   | Reached skill level 12 in Unarmed Combat
 22548 | Lair:3   | Received a gift from Okawaru
 23000 | Lair:2   | Reached skill level 5 in Dodging
 23669 | Lair:4   | Noticed Snorg
 24348 | Lair:5   | Found a staircase to the Slime Pits.
 24937 | Lair:5   | Reached ****** piety under Okawaru
 25067 | Lair:5   | Found a basalt altar of Yredelemnul.
 25239 | Lair:6   | Entered Level 6 of the Lair of Beasts
 25288 | Lair:5   | Received a gift from Okawaru
 25464 | Lair:6   | Noticed a death yak
 25548 | Lair:6   | Noticed a death yak
 25552 | Lair:6   | Noticed a death yak
 25553 | Lair:6   | Noticed a death yak
 25604 | Lair:6   | Noticed a death yak
 25637 | Lair:5   | Killed a death yak
 25637 | Lair:5   | Reached skill level 5 in Throwing
 25637 | Lair:5   | Gained mutation: You are in touch with the powers of death. [Mummy growth]
 25637 | Lair:5   | Reached XP level 13. HP: 27/101 MP: 16/19
 25991 | Lair:4   | Received a gift from Okawaru
 26520 | Lair:6   | Received a gift from Okawaru
 27294 | Lair:6   | Reached skill level 13 in Unarmed Combat
 28158 | Lair:6   | Noticed Kirke
 28175 | Lair:6   | Killed Kirke
 28253 | Lair:6   | Noticed a dire elephant
 28253 | Lair:6   | Noticed a dire elephant
 28261 | Lair:6   | Noticed a dire elephant
 28487 | Orc:1    | Entered Level 1 of the Orcish Mines
 28511 | D:11     | Received a gift from Okawaru
 28789 | Orc:1    | Found a roughly hewn altar of Beogh.
 29102 | Orc:2    | Entered Level 2 of the Orcish Mines
 29143 | Orc:2    | Found a staircase to the Elven Halls.
 29164 | Orc:2    | Found a labyrinth entrance.
 29174 | Orc:2    | Received a gift from Okawaru
 29190 | Lab      | Entered a labyrinth
 29626 | Lab      | Noticed a minotaur
 29634 | Lab      | Killed a minotaur
 29927 | Orc:1    | Reached XP level 14. HP: 63/108 MP: 20/20
 30330 | Orc:2    | Found Saejosk's Antique Weapon Emporium.
 31499 | Orc:2    | Slain by an orc knight

Vault maps used:
D:1:      minmay_arrival_glassed_features
D:2:      first_bread, uniq_crazy_yiuf_cottage, uniq_natasha
D:3:      kennysheep_generic_room_5, uniq_ijyb
D:4:      minmay_temple_entry_glass, serial_shops, shop,
          nicolae_shop_window_shopping, kennysheep_mini_moat
D:5:      serial_shops, nicolae_shop_competitors_out_of_business,
          serial_bayou_lagoon_a, hangedman_decor_clover_reticule,
          minmay_misc_feat_more_columns
D:6:      lemuel_doored_altar, serial_park_tiny_1
D:7:      enter_bailey_3, hangedman_abyss_or_decor_stagger
D:8:      hangedman_ranch
D:9:      okawaru_gym_becter
D:10:     elyvilon_altar_5
D:11:     lair_entry_dummy, david_orc_3, grunt_ministairs_7,
          nicolae_qazlal_general_emergency
Temple:   compressed_dpeg_circular_temple
Lair:2:   basic_altar
Lair:3:   minmay_swamp_entry_reptiles, spider_nest_entry_web_field, basic_altar,
          infiniplex_staircase_pool, minmay_lair_oklob_chamber
Lair:4:   grunt_megastairs_4, uniq_snorg
Lair:5:   nicolae_slime_entry_slimehenge, basic_altar,
          grunt_forest_small_clearings, worms_lemuel
Lair:6:   due_jungle_book, lemuel_fruit_tree, grunt_megastairs_1, uniq_kirke
Orc:1:    basic_altar
Orc:2:    st_orc_pillars, special_room, lab_entry_generic, serial_shops, shop
Lab:      labyrinth_spiral, labyrinth_fake_exit, nicolae_lab_starburst,
          nicolae_lab_quarters, labyrinth_lava_lair

Skill      XL: |  1  2  3  4  5  6  7  8  9 10 11 12 13 |
---------------+----------------------------------------+-----
Unarmed Combat | 3 4 5 6 7 8 10 11 12 13 | 13.8
Fighting       | 4 5 7 9 |  9.6
Invocations    | 2 4 5 6 7 8 |  8.2
Armour         | 2 4 5 |  5.9
Dodging        | 3 4 6 |  6.0
Throwing       | 3 5 7 |  7.3
Shields        | 3 4 |  4.0
Stealth        | |  1.5

Action                   |  1- 3 |  4- 6 |  7- 9 | 10-12 | 13-15 || total
-------------------------+-------+-------+-------+-------+-------++-------
Melee: Unarmed           |   187 |   298 |   682 |  1160 |   880 ||  3207
       Punch             |     5 |     9 |    27 |    34 |       ||    75
Throw: Stone             |       |     5 |     4 |     9 |     1 ||    19
       Tomahawk          |       |       |       |       |     7 ||     7
 Cast: Apportation       |       |       |       |       |     6 ||     6
Invok: Heroism           |       |       |     1 |    17 |     9 ||    27
       Finesse           |       |       |       |     2 |     2 ||     4
Evoke: Wand              |       |       |       |     3 |     1 ||     4
  Use: Scroll            |       |       |     7 |    10 |     4 ||    21
 Stab: Sleeping          |     2 |     1 |     5 |    10 |     2 ||    20
Armor: Robe              |    17 |       |       |       |       ||    17
       Leather armour    |     3 |    77 |   146 |    81 |       ||   307
       Troll leather arm |       |       |       |   220 |   173 ||   393
Dodge: Dodged            |   112 |   159 |   374 |   843 |   633 ||  2121
Block: Buckler           |       |       |       |    86 |   189 ||   275

Table legend:
 A = Spawn XP
 B = Non-spawn XP
 C = Spawn XP percentage of total XP
 D = Spawn monster count
 E = Non-spawn monster count
 F = Spawn count percentage of total count
 G = Total turns spent on level
                    A         B        C        D         E        F      G
               +---------+---------+-------+---------+---------+-------+---------
         Total |       0 |   70613 |   0.0 |       0 |     566 |   0.0 | 31499
               +---------+---------+-------+---------+---------+-------+---------
           D:1 |       0 |      52 |   0.0 |       0 |      29 |   0.0 |  1853
           D:2 |       0 |     235 |   0.0 |       0 |      30 |   0.0 |  1880
           D:3 |       0 |     294 |   0.0 |       0 |      31 |   0.0 |  1511
           D:4 |       0 |     522 |   0.0 |       0 |      25 |   0.0 |  1929
           D:5 |       0 |     702 |   0.0 |       0 |      22 |   0.0 |  1441
           D:6 |       0 |     946 |   0.0 |       0 |      29 |   0.0 |  1743
           D:7 |       0 |     998 |   0.0 |       0 |      26 |   0.0 |  1170
           D:8 |       0 |    2798 |   0.0 |       0 |      40 |   0.0 |  2982
           D:9 |       0 |    2764 |   0.0 |       0 |      23 |   0.0 |   874
          D:10 |       0 |    3938 |   0.0 |       0 |      25 |   0.0 |  1532
          D:11 |       0 |    3891 |   0.0 |       0 |      31 |   0.0 |  1233
        Lair:1 |       0 |    2796 |   0.0 |       0 |      17 |   0.0 |  1827
        Lair:2 |       0 |    2635 |   0.0 |       0 |      12 |   0.0 |  1389
        Lair:3 |       0 |    5691 |   0.0 |       0 |      22 |   0.0 |  1675
        Lair:4 |       0 |    4959 |   0.0 |       0 |      15 |   0.0 |  1428
        Lair:5 |       0 |   12450 |   0.0 |       0 |      55 |   0.0 |  2406
        Lair:6 |       0 |   13922 |   0.0 |       0 |      42 |   0.0 |  1650
         Orc:1 |       0 |    3973 |   0.0 |       0 |      38 |   0.0 |  1095
         Orc:2 |       0 |    5750 |   0.0 |       0 |      49 |   0.0 |  1309
           Lab |       0 |    1297 |   0.0 |       0 |       5 |   0.0 |   467
               +---------+---------+-------+---------+---------+-------+---------
